 Dungeon Crawl Stone Soup version 0.31.0-10-gcf4a605ca0 (webtiles) character file.

Game seed: 10645582523409290921

80949 Amaterasu the Warrior (level 15, -3/120 HPs)
             Began as a Djinni Conjurer on Jan 25, 2024.
             Was the Champion of Makhleb.
             Shot with a bolt by Saint Roka (32 damage)
             ... on level 2 of the Orcish Mines.
             The game lasted 01:02:10 (16458 turns).

Amaterasu the Warrior (Djinni Conjurer)            Turns: 16458, Time: 01:02:10

Health: -3/120     AC:  9    Str: 15    XL:     15   Next: 80%
Gold:   1951       EV: 16    Int: 33    God:    Makhleb [******] SH:  0 Dex: 12

rFire   + + .        x - staff of conjuration
rCold   x . .        (no shield)
rNeg    . . .        w - +0 steam dragon scales
rPois   ∞            P - +2 hat of Null {+Inv MP-9 Str+6}
rElec   .            n - +1 cloak
rCorr   .            t - +0 pair of gloves
SInv    +            (boots unavailable)
Will    +....        s - amulet of regeneration
Stlth   ++           L - ring "Kixuitz" {rPois Str+3 Int+6}
HPRegen 1.20/turn    C - ring of see invisible
MPRegen 0.00/turn

%: infuse magic (-4 HP)
@: flying
A: sickness immunity, fire resistance 2, cold vulnerability 1, float, innate
caster, HP casting, extra vitality 1, deformed body, shaggy fur 1
a: Renounce Religion, Evoke Invisibility, Minor Destruction, Lesser Servant of
Makhleb, Major Destruction, Greater Servant of Makhleb


You were on level 2 of the Orcish Mines.
You worshipped Makhleb.
Makhleb was exalted by your worship.
You visited 4 branches of the dungeon, and saw 19 of its levels.

You collected 1951 gold pieces.

Inventory:

Armour
 n - a +1 cloak (worn)
 t - a +0 pair of gloves (worn)
 w - +0 steam dragon scales (worn)
 P - the +2 hat of Null (worn) {+Inv MP-9 Str+6}
   (You found it on level 5 of the Lair of Beasts)

   Str+6:     It affects your strength (+6).
   MP-9:      It affects your magic capacity (-9).
   +Inv:      It lets you turn invisible.
Magical Staves
 k - a staff of earth
 x - a staff of conjuration (weapon)
Jewellery
 o - a ring of willpower
 s - an amulet of regeneration (around neck)
 C - a ring of see invisible (right hand)
 G - an amulet of reflection
 H - a ring of willpower
 I - a ring of wizardry
 L - the ring "Kixuitz" (left hand) {rPois Str+3 Int+6}
   (You acquired it on level 2 of the Lair of Beasts)

   [ring of intelligence]

   Str+3:     It affects your strength (+3).
   Int+6:     It affects your intelligence (+6).
   rPois:     It protects you from poison
Wands
 i - a wand of roots (25)
 v - a wand of light (3)
 z - a wand of flame (19)
 E - a wand of polymorph (3)
Scrolls
 a - a scroll of torment
 e - 2 scrolls of enchant weapon
 g - 4 scrolls of teleportation
 j - 7 scrolls of immolation
 u - 3 scrolls of fog
 y - 2 scrolls of vulnerability
 F - 2 scrolls of identify
 K - a scroll of summoning
 O - a scroll of revelation
Potions
 b - 4 potions of brilliance
 c - 2 potions of cancellation
 d - 4 potions of attraction
 f - 2 potions of magic
 l - 4 potions of might
 m - 15 potions of curing
 p - 2 potions of enlightenment
 r - 3 potions of degeneration
 A - 2 potions of berserk rage
 B - a potion of resistance
 D - 3 potions of lignification
 M - 2 potions of haste
 N - a potion of mutation
Miscellaneous
 J - a phantom mirror


   Skills:
 * Level 15.5 Fighting
 * Level 8.5 Staves
 - Level 4.0 Armour
 * Level 10.3 Dodging
 - Level 1.5 Stealth
 * Level 14.1 Spellcasting
 * Level 14.1 Conjurations
 * Level 14.1 Hexes
 * Level 14.1 Summonings
 * Level 14.1 Necromancy
 * Level 14.1 Translocations
 * Level 14.1 Fire Magic
 * Level 14.1 Ice Magic
 * Level 14.1 Air Magic
 * Level 14.1 Earth Magic
 * Level 14.1 Alchemy


You knew the following spells:

 Your Spells              Type           Power      Damage    Failure   Level
a - Magic Dart            Conj           100%       1d8       0%          1
b - Searing Ray           Conj           100%       2d8       0%          2
c - Fulminant Prism       Conj/Alch      54%        3d22      1%          4
d - Iskenderun's Mystic   Conj/Tloc      100%       2d19      1%          4
e - Foxfire               Conj/Fire      100%       2x1d9     0%          1
f - Momentum Strike       Conj/Tloc      100%       3d10      0%          2
g - Dazzling Flash        Conj/Hex       100%       N/A       0%          3
h - Volatile Blastmotes   Fire/Tloc      100%       2d18      0%          3
i - Borgnjor's Vile Clut  Necr/Erth      43%        N/A       1%          5
j - Arcjolt               Conj/Air       54%        1d64      1%          5
k - Summon Cactus Giant   Summ           43%        N/A       1%          6
Your spell library was empty.

Dungeon Overview and Level Annotations

Branches:
Dungeon (11/15)            Temple (1/1) D:6            Lair (5/5) D:11
 Shoals (0/4) Lair:3       Spider (0/4) Lair:3          Orc (2/2) D:11
    Elf (0/3) Orc:2
  Slime: Lair:4-5

Altars:
Ashenzari
Cheibriados
Dithmenos
Elyvilon
Fedhas
Gozag
Hepliaklqana
Makhleb
Nemelex Xobeh
Okawaru
Qazlal
Ru
Trog
Uskayaw
Wu Jian
Xom
Yredelemnul
Zin
The Shining One
Jiyva

Shops:
D:3 :=?!   D:4 *   D:7 ?   D:11 [   Orc:1 :?   Orc:2 =[

Annotations:
Lair:4 exclusion: oklob plant
Orc:2 3 runed translucent doors, Saint Roka; t4s4d4r's ghost, journeyman DsFi


Innate Abilities, Weirdness & Mutations

You are immune to sickness and miasma.
You are immune to poison.
Your flesh is very heat resistant. (rF++)
You are vulnerable to cold. (rC-)
You float through the air rather than walking.
You learn spells naturally, not from books.
Your magical power is your life essence.
You have superior vitality. (+4 MHP)
Armour fits poorly on your strangely shaped body.
You are covered in fur. (AC +1)


Message History

Your fulminant prism explodes!
The blast of energy engulfs Saint Roka!!!
Saint Roka is almost dead.
Casting: Fulminant Prism (safe; 1% risk of failure)
Confirm with . or Enter, or press ? or * to list all spells.
Aiming: Fulminant Prism (safe; 1% risk of failure)
Press: ? - help, Dir - move target You feel a surge of power!
You conjure a prism of explosive energy!
* * * LOW HITPOINT WARNING * * *
A fulminant prism comes into view.
Saint Roka calls down the wrath of Beogh upon you.
Beogh smites you!
* * * LOW HITPOINT WARNING * * *
Saint Roka mumbles some strange prayers to Beogh against you.
Beogh smites you!
* * * LOW HITPOINT WARNING * * *
Your fulminant prism crackles loudly.
You feel much better.
Saint Roka calls down the wrath of Beogh upon you.
Beogh smites you!
* * * LOW HITPOINT WARNING * * *
Your fulminant prism explodes!
You hear a shout!
Casting: Fulminant Prism (safe; 1% risk of failure)
Confirm with . or Enter, or press ? or * to list all spells.
Aiming: Fulminant Prism (safe; 1% risk of failure)
Press: ? - help, Dir - move target You feel a surge of power!
You conjure a prism of explosive energy!
* * * LOW HITPOINT WARNING * * *
A fulminant prism comes into view.
Saint Roka shoots a bolt.
The bolt hits your fulminant prism!!
Your fulminant prism detonates feebly.
Saint Roka invokes the aid of Beogh against you.
Beogh smites you!
* * * LOW HITPOINT WARNING * * *
You feel much better.
Saint Roka shoots a bolt.
The bolt hits you!!
You die...
Saint Roka roars, "Praise to Beogh!"

#...##########..# ##.....#
..### #...###o## ##....#.#
.## # #... #..# #....##.# .#
#. #...####.## ###...## # ##
8##'###)##8.#..####......# #
..).)).))..)'.8..#>##.....# #
..).)8).))).'................
#
...)))))...)'.8..#.####......
## 8##'###)##8.#@.#####
#.....#. .# #. #)).####.##
#....# .## #... #..# #..##
..### #...###.## ...
#...##########..#
###......o.....##
##############


You could see Saint Roka.

Vanquished Creatures
  A dire elephant (Lair:5)
  5 hydras
  2 boulder beetles
  A catoblepas (Lair:5)
  4 death yaks (Lair:5)
  5 two-headed ogres
  A deep troll shaman (Lair:5)
  A vampire mage (D:11)
  An orc high priest (Orc:2)
  Nergalle (Lair:3)
  An orb spider (Lair:3)
  3 lindwurms
  A necromancer (Lair:3)
  3 orc sorcerers (Orc:2)
  2 oklob plants (D:11)
  Maurice (D:8)
  6 elephants (Lair:5)
  3 black mambas
  8 kobold blastminers
  8 centaur zombies
  A torpor snail (Lair:2)
  9 cane toads
  An unseen horror (D:7)
  3 rime drakes
  2 unseen horror zombies (D:10)
  9 komodo dragons
  A hornet (D:11)
  Grinder (D:5)
  3 trolls
  3 polar bears
  8 dream sheep
  29 blink frogs
  A meliai zombie (D:11)
  2 shadows
  A wraith (D:11)
  7 vampires (D:11)
  9 wyverns
  2 basilisks
  2 wargs (Orc:1)
  51 yaks
  5 vampire mosquitoes
  A steam dragon (D:9)
  An acid dragon (D:11)
  25 water moccasins
  A swamp drake (Lair:1)
  An ice beast (D:5)
  2 sky beasts
  2 black bears (Lair:5)
  33 orc warriors
  8 ogres
  33 wolves
  A centaur (D:7)
  4 kobold brigands
  16 bullfrogs
  2 gnoll sergeants
  5 scorpions
  3 burial acolytes (D:10)
  5 wights
  11 killer bees
  3 howler monkeys
  2 bombardier beetles
  A human zombie (D:10)
  2 hounds (D:5)
  26 orc priests
  2 jellies
  A sleepcap (D:8)
  4 iguanas
  Natasha (twice) (D:2)
  15 orc wizards
  2 polar bear simulacra (Lair:3)
  6 hell rats (Lair:2)
  3 yak simulacra (Lair:3)
  4 wolf simulacra (Lair:3)
  A howler monkey skeleton (D:10)
  Robin (D:2)
  8 gnolls
  6 adders
  A river rat (Lair:3)
  A dart slug (D:3)
  3 ribbon worms
  75 orcs
  16 ball pythons
  11 endoplasms
  5 giant cockroaches
  22 goblins
  10 hobgoblins
  6 jackals
  22 kobolds
  2 quokkas
  6 bats
  2 frilled lizards
  4 rats
  2 river rat simulacra (Lair:3)
  4 foxfires
  A fulminant prism (Lair:5)
644 creatures vanquished.

Vanquished Creatures (collateral kills)
  5 death yaks (Lair:5)
  An elephant (Lair:5)
  A torpor snail (Lair:5)
  3 yaks (Lair:5)
  A wolf (Lair:5)
11 creatures vanquished.

Vanquished Creatures (others)
  388 foxfires
  123 fulminant prisms
511 creatures vanquished.

Grand Total: 1166 creatures vanquished

Notes
Turn   | Place    | Note
-------+----------+-------------------------------------------
     0 | D:1      | Amaterasu the Djinni Conjurer began the quest for the Orb.
     0 | D:1      | Amaterasu set off with the following spells memorised:
                  | Magic Dart, Searing Ray, Fulminant Prism, Iskenderun's
                  | Mystic Blast.
     0 | D:1      | Reached XP level 1. HP: 15/15 MP: 0/0
   226 | D:1      | Reached XP level 2. HP: 20/22 MP: 0/0
   279 | D:1      | Reached skill level 1 in Fighting
   357 | D:1      | Reached XP level 3. HP: 25/28 MP: 0/0
   357 | D:1      | Learned a level 1 spell: Foxfire
   652 | D:1      | Reached skill level 2 in Fighting
  1030 | D:2      | Noticed Robin
  1150 | D:2      | Reached XP level 4. HP: 32/33 MP: 0/0
  1160 | D:2      | Killed Robin
  1446 | D:2      | Noticed Natasha
  1450 | D:2      | Killed Natasha
  1451 | D:2      | Reached XP level 5. HP: 36/40 MP: 0/0
  1451 | D:2      | Learned a level 2 spell: Momentum Strike
  1552 | D:2      | Reached skill level 3 in Fighting
  1611 | D:2      | Noticed Natasha
  1615 | D:2      | Killed Natasha
  1779 | D:3      | Found Iskaej's Distillery.
  1780 | D:3      | Noticed an ogre
  1787 | D:3      | Killed an ogre
  1788 | D:3      | Reached XP level 6. HP: 41/47 MP: 0/0
  1876 | D:3      | Found Voec's Magic Scroll Shop.
  1931 | D:3      | Found Zenanuisch's Jewellery Shoppe.
  2006 | D:3      | Found Moumuli's Book Boutique.
  2246 | D:3      | Reached skill level 5 in Spellcasting
  2246 | D:3      | Reached skill level 5 in Conjurations
  2246 | D:3      | Reached skill level 5 in Hexes
  2246 | D:3      | Reached skill level 5 in Summonings
  2246 | D:3      | Reached skill level 5 in Necromancy
  2246 | D:3      | Reached skill level 5 in Translocations
  2246 | D:3      | Reached skill level 5 in Fire Magic
  2246 | D:3      | Reached skill level 5 in Ice Magic
  2246 | D:3      | Reached skill level 5 in Air Magic
  2246 | D:3      | Reached skill level 5 in Earth Magic
  2246 | D:3      | Reached skill level 5 in Alchemy
  2393 | D:4      | Reached skill level 4 in Fighting
  2473 | D:4      | Noticed a water moccasin
  2480 | D:4      | Killed a water moccasin
  2481 | D:4      | Reached XP level 7. HP: 28/53 MP: 0/0
  2481 | D:4      | Learned a level 3 spell: Dazzling Flash
  2569 | D:4      | Noticed a water moccasin
  2823 | D:4      | Killed a water moccasin
  3041 | D:4      | Found Xiwukk's Serpentskin Sales.
  3067 | D:4      | Reached skill level 5 in Fighting
  3361 | D:5      | Entered Level 5 of the Dungeon
  3384 | D:5      | Noticed Grinder
  3396 | D:5      | Killed Grinder
  3397 | D:5      | Reached XP level 8. HP: 24/61 MP: 0/0
  3802 | D:5      | Reached skill level 6 in Fighting
  3872 | D:5      | Found a hazy altar of Hepliaklqana.
  3873 | D:5      | Found a shimmering altar of Xom.
  3874 | D:5      | Noticed a spectral ugly thing
  4670 | D:6      | Found a staircase to the Ecumenical Temple.
  4677 | Temple   | Entered the Ecumenical Temple
  4717 | D:6      | Reached XP level 9. HP: 63/67 MP: 0/0
  4717 | D:6      | Learned a level 3 spell: Volatile Blastmotes
  5330 | D:6      | Reached skill level 7 in Fighting
  5446 | D:6      | Gained mutation: You occasionally lose the ability to read
                  | scrolls when taking damage. [potion of mutation]
  5544 | D:7      | Found a shadowy altar of Dithmenos.
  5938 | D:7      | Found The Oracle's Delphic Readings.
  6138 | D:7      | Killed an unseen horror
  6422 | D:7      | Reached skill level 8 in Fighting
  6700 | D:8      | Noticed a two-headed ogre
  6709 | D:8      | Killed a two-headed ogre
  6710 | D:8      | Reached XP level 10. HP: 64/77 MP: 0/0
  6877 | D:8      | Reached skill level 9 in Fighting
  6946 | D:8      | Noticed Maurice
  7005 | D:8      | Killed Maurice
  7670 | D:9      | Found a white marble altar of Elyvilon.
  7937 | D:9      | Noticed a two-headed ogre
  7958 | D:9      | Killed a two-headed ogre
  7976 | D:9      | Noticed a two-headed ogre
  7984 | D:9      | Killed a two-headed ogre
  7985 | D:9      | Reached skill level 10 in Fighting
  7985 | D:9      | Reached skill level 10 in Spellcasting
  7985 | D:9      | Reached skill level 10 in Conjurations
  7985 | D:9      | Reached skill level 10 in Hexes
  7985 | D:9      | Reached skill level 10 in Summonings
  7985 | D:9      | Reached skill level 10 in Necromancy
  7985 | D:9      | Reached skill level 10 in Translocations
  7985 | D:9      | Reached skill level 10 in Fire Magic
  7985 | D:9      | Reached skill level 10 in Ice Magic
  7985 | D:9      | Reached skill level 10 in Air Magic
  7985 | D:9      | Reached skill level 10 in Earth Magic
  7985 | D:9      | Reached skill level 10 in Alchemy
  7985 | D:9      | Reached XP level 11. HP: 79/85 MP: 0/0
  7985 | D:9      | Learned a level 5 spell: Borgnjor's Vile Clutch
  8626 | D:9      | Found a burning altar of Makhleb.
  8632 | D:9      | Became a worshipper of Makhleb the Destroyer
  8675 | D:10     | Entered Level 10 of the Dungeon
  9174 | D:10     | Reached * piety under Makhleb
  9360 | D:10     | Reached skill level 11 in Fighting
  9857 | D:11     | Noticed a two-headed ogre
  9920 | D:11     | Noticed an oklob plant
  9921 | D:11     | Noticed an oklob plant
  9922 | D:11     | Found a staircase to the Lair.
  9946 | D:11     | Noticed a boulder beetle
  9957 | D:11     | Reached ** piety under Makhleb
  9967 | D:11     | Reached XP level 12. HP: 34/94 MP: 0/0
  9970 | D:11     | Killed a two-headed ogre
  9976 | D:11     | Reached skill level 12 in Fighting
 10057 | D:11     | Found a staircase to the Orcish Mines.
 10074 | D:11     | Found Hadoal's Armour Shoppe.
 10255 | D:11     | Killed a boulder beetle
 10665 | D:11     | Noticed a vampire mage
 10674 | D:11     | Killed a vampire mage
 10675 | D:11     | Reached skill level 1 in Staves
 10688 | D:11     | Lost mutation: You occasionally lose the ability to read
                  | scrolls when taking damage. [potion of mutation]
 10688 | D:11     | Gained mutation: Armour fits poorly on your strangely
                  | shaped body. [potion of mutation]
 10688 | D:11     | Gained mutation: You are covered in fur. (AC +1) [potion of
                  | mutation]
 10885 | Lair:1   | Entered Level 1 of the Lair of Beasts
 10925 | Lair:1   | Reached *** piety under Makhleb
 10927 | Lair:1   | Noticed a boulder beetle
 10936 | Lair:1   | Killed a boulder beetle
 10937 | Lair:1   | Reached skill level 13 in Fighting
 10937 | Lair:1   | Reached XP level 13. HP: 56/103 MP: 0/0
 10937 | Lair:1   | Learned a level 5 spell: Arcjolt
 11056 | Lair:1   | Reached skill level 5 in Dodging
 11843 | Lair:2   | Reached **** piety under Makhleb
 11948 | Lair:2   | Reached skill level 1 in Armour
 12193 | Lair:2   | Found a hide-covered altar of Uskayaw.
 12448 | Lair:2   | Identified a scroll of acquirement
 12448 | Lair:2   | Acquired the ring "Kixuitz" {rPois Str+3 Int+6}
 12799 | Lair:3   | Noticed a four-headed hydra
 12799 | Lair:3   | Noticed a seven-headed hydra
 12799 | Lair:3   | Found a staircase to the Shoals.
 12803 | Lair:3   | Killed a four-headed hydra
 12804 | Lair:3   | Reached skill level 5 in Staves
 12805 | Lair:3   | Killed a seven-headed hydra
 12862 | Lair:3   | Reached XP level 14. HP: 111/111 MP: 0/0
 12875 | Lair:3   | Noticed Nergalle
 12880 | Lair:3   | Reached ***** piety under Makhleb
 12884 | Lair:3   | Reached skill level 14 in Fighting
 12884 | Lair:3   | Killed Nergalle
 13121 | Lair:3   | Found a hole to the Spider Nest.
 13849 | Lair:4   | Found a viscous altar of Jiyva.
 14190 | Lair:5   | Entered Level 5 of the Lair of Beasts
 14455 | Lair:5   | Reached ****** piety under Makhleb
 14465 | Lair:5   | Reached XP level 15. HP: 103/118 MP: 0/0
 14465 | Lair:5   | Learned a level 6 spell: Summon Cactus Giant
 14627 | Lair:5   | Reached skill level 15 in Fighting
 14795 | Lair:5   | Got an earthy gem with 205 turns to spare
 14806 | Lair:5   | Identified the +2 hat of Null {+Inv MP-9 Str+6}
 15084 | Orc:1    | Entered Level 1 of the Orcish Mines
 15086 | Orc:1    | Found Emuokog's Book Boutique.
 15162 | Orc:1    | Found Ylitutas's Magic Scroll Boutique.
 15640 | Orc:1    | Found a bloodstained altar of Trog.
 15683 | Orc:2    | Entered Level 2 of the Orcish Mines
 15715 | Orc:2    | Reached skill level 10 in Dodging
 15854 | Orc:2    | Found Quacu's Armour Boutique.
 16178 | Orc:2    | Found a runed translucent gate.
 16179 | Orc:2    | Found a runed translucent gate.
 16179 | Orc:2    | Found a runed translucent gate.
 16181 | Orc:2    | Noticed t4s4d4r's ghost (journeyman DsFi)
 16185 | Orc:2    | Noticed an orc warlord
 16185 | Orc:2    | Identified the +11 glaive of Action {flame, *Corrode rPois
                  | Int+4}
 16208 | Orc:2    | Found Zukus's Jewellery Shop.
 16290 | Orc:2    | Found a staircase to the Elven Halls.
 16376 | Orc:2    | Noticed Saint Roka
 16454 | Orc:2    | HP: 3/120 [Saint Roka/divine providence (11)]
 16458 | Orc:2    | Shot with a bolt by Saint Roka

Illustrated notes

Levels and vault maps discovered:
D:1:      amcnicky_arrival_single_pillar, layout_basic
D:2:      layout_rooms, mrwooster_statue_mirror, minmay_quantized, uniq_natasha,
          uniq_robin
D:3:      layout_rooms, serial_shops, nicolae_shop_hallway_plus, shop,
          nicolae_shop_waterfront, shop, minmay_misc_feat_tiny, minmay_between
D:4:      layout_basic, led_sif_book, minmay_misc_feat_rows, guppyfry_shop_venom
D:5:      layout_loops_corners, regret_index_temple_of_mockery, uniq_grinder
D:6:      layout_loops_corners, minmay_temple_entry_arrows
D:7:      layout_basic, nicolae_dithmenos_shadow_blocks,
          nicolae_nh_oracle_at_delphi
D:8:      layout_basic, chequers_serial_rivers_micro_b,
          minmay_misc_feat_diagonals, uniq_maurice
D:9:      layout_basic, kennysheep_little_box, mainiacjoe_overflow_alcove_2,
          nicolae_vehumet_radiance
D:10:     layout_basic, lemuel_mausoleum_altar_kikubaaqudgha
D:11:     layout_cave_pools, dpeg_oklobed_lair, orc_david_3, serial_undead,
          serial_undead_e, serial_undead_f, serial_undead_c, serial_undead_e,
          nicolae_nh_vlads_tower
Temple:   compressed_dpeg_circular_temple
Lair:1:   layout_cave_shapes, pond, grunt_megastairs_5, lemuel_fruit_fields
Lair:2:   layout_loops_ring, basic_altar
Lair:3:   layout_loops_ring, elwin_shoals_entry_rocks,
          nicolae_spider_entry_orb_guardian, eino_house_with_fridge,
          uniq_nergalle
Lair:4:   layout_cave_pods, minmay_slime_entry_oklob_enclosed,
          grunt_megastairs_1, lemuel_fruit_tree
Lair:5:   grunt_lair_end_beastmaster, layout_loops_ring, serial_bayou_pond_c,
          grunt_megastairs_3
Orc:1:    layout_caves, serial_shops, shop, shop, trog_butcher_becter
Orc:2:    grunt_orc_community_town_hall, layout_diamond_mine,
          grunt_orc_community_big_house_2, grunt_orc_community_big_house_2,
          grunt_orc_community_house_2, grunt_orc_community_house_3,
          grunt_orc_community_house_3, grunt_orc_community_house_2,
          grunt_orc_community_house_2, grunt_orc_community_house_3,
          biasface_ghost_orc_armoury

Skill      XL: |  1  2  3  4  5  6  7  8  9 10 11 12 13 14 15 |
---------------+----------------------------------------------+-----
Fighting       | 1 2 3 4 5 6 8 10 11 13 14 15 | 15.5
Spellcasting   | 4 5 6 7 9 10 11 12 13 14 | 14.1
Conjurations   | 4 5 6 7 9 10 11 12 13 14 | 14.1
Hexes          | 4 5 6 7 9 10 11 12 13 14 | 14.1
Summonings     | 4 5 6 7 9 10 11 12 13 14 | 14.1
Necromancy     | 4 5 6 7 9 10 11 12 13 14 | 14.1
Translocations | 4 5 6 7 9 10 11 12 13 14 | 14.1
Fire Magic     | 4 5 6 7 9 10 11 12 13 14 | 14.1
Ice Magic      | 4 5 6 7 9 10 11 12 13 14 | 14.1
Air Magic      | 4 5 6 7 9 10 11 12 13 14 | 14.1
Earth Magic    | 4 5 6 7 9 10 11 12 13 14 | 14.1
Alchemy        | 4 5 6 7 9 10 11 12 13 14 | 14.1
Staves         | 2 5 7 8 |  8.5
Dodging        | 4 6 8 10 | 10.3
Armour         | 3 4 |  4.0
Stealth        | |  1.5

Action                     |  1- 3 |  4- 6 |  7- 9 | 10-12 | 13-15 || total
---------------------------+-------+-------+-------+-------+-------++-------
  Melee: Staff             |       |       |       |     2 |   122 ||   124
         Punch             |       |       |       |       |     1 ||     1
   Cast: Magic Dart        |    55 |    69 |   103 |    24 |    46 ||   297
         Foxfire           |     7 |    55 |    16 |   145 |    16 ||   239
         Searing Ray       |       |     3 |    24 |    41 |    35 ||   103
         Momentum Strike   |       |     1 |     1 |       |       ||     2
         Fulminant Prism   |       |     1 |    11 |    47 |    65 ||   124
         Iskenderun's Myst |       |     1 |     1 |    43 |   165 ||   210
         Dazzling Flash    |       |       |     2 |       |       ||     2
         Volatile Blastmot |       |       |     3 |    11 |     1 ||    15
         Borgnjor's Vile C |       |       |       |    10 |     2 ||    12
         Arcjolt           |       |       |       |       |    41 ||    41
         Summon Cactus Gia |       |       |       |       |     8 ||     8
    Use: Scroll            |     6 |     6 |     5 |     7 |     9 ||    33
         Potion            |       |       |     1 |     2 |     2 ||     5
   Stab: Distracted        |       |       |       |       |     1 ||     1
         Sleeping          |       |       |       |       |     1 ||     1
 Armour: Robe              |     6 |     8 |    36 |     9 |       ||    59
         Steam dragon scal |       |       |       |   105 |   199 ||   304
  Dodge: Dodged            |     4 |     5 |    27 |    74 |   200 ||   310
